 Dungeon Crawl Stone Soup version 0.19.1 (webtiles) character file.

180 Philogelos the Cudgeler (level 5, -4/45 HPs)
             Began as a Minotaur Berserker on Dec 1, 2016.
             Was a Believer of Trog.
             Killed from afar by a mummy (15 damage)
             ... with an exploding inner flame
             ... hexed by the player character
             ... in an ossuary.
             The game lasted 00:10:16 (1788 turns).

Philogelos the Cudgeler (Minotaur Berserker)        Turns: 1788, Time: 00:10:16

Health: -4/45      AC:  7    Str: 21    XL:     5   Next: 33%
Magic:  4/4        EV: 10    Int:  4    God:    Trog [**....]
Gold:   151        SH:  0    Dex: 11    Spells: 0 memorised, 4 levels left

rFire  + . .     SeeInvis .     t - +0 flail
rCold  . . .     Gourm    .     s - +0 scale mail
rNeg   . . .     Faith    .     (no shield)
rPois  .         Spirit   .     (helmet restricted)
rElec  .         Reflect  .     r - +0 cloak
rCorr  .         Harm     .     (no gloves)
MR     .....                    (no boots)
Stlth  ..........               (no amulet)
                                (no ring)
                                p - ring of protection from fire

@: no status effects
A: retaliatory headbutt, horns 2
a: Berserk, Trog's Hand, Burn Spellbooks, Renounce Religion


You were in an ossuary.
You worshipped Trog.
Trog was pleased with you.
You were hungry.

You visited 1 branch of the dungeon, and saw 4 of its levels.
You also visited: Ossuary.

You collected 151 gold pieces.

Inventory:

Hand Weapons
 t - a +0 flail (weapon)
Armour
 r - a +0 cloak (worn)
 s - a +0 scale mail (worn)
Jewellery
 p - a ring of protection from fire (left hand)
Scrolls
 d - a scroll of enchant armour
 g - a scroll of blinking
 m - 2 scrolls of teleportation
 q - a scroll of noise
Potions
 h - 2 potions of haste {unknown}
 i - 2 potions of degeneration {unknown}
 k - a potion of magic {unknown}
 o - a potion of heal wounds {unknown}
Comestibles
 b - 2 beef jerkies
 c - 4 bread rations
 f - 2 slices of pizza
 j - a meat ration


   Skills:
 - Level 3.6 Fighting
 + Level 7.3 Maces & Flails
 - Level 2.4 Armour
 - Level 2.1 Dodging


You had 4 spell levels left.
You didn't know any spells.

Dungeon Overview and Level Annotations

Branches:
Dungeon (4/15)
 Temple: D:4-7

Altars:
Gozag
Zin


Innate Abilities, Weirdness & Mutations

You reflexively headbutt those who attack you in melee.
You have a pair of horns on your head.


Message History

The kobold zombie misses you. You furiously retaliate!
You headbutt the kobold zombie!
The kobold zombie explodes!
The fiery explosion engulfs the mummy.
The mummy is burned terribly!
You destroy the mummy!
Trog accepts your kill. The fiery explosion engulfs you! You resist.
* * * LOW HITPOINT WARNING * * *
The fiery explosion engulfs the mummy.
The mummy is burned terribly!
The mummy explodes!
The fiery explosion engulfs the mummy.
The mummy is burned terribly!
The mummy explodes!
The fiery explosion engulfs the kobold zombie.
You destroy the kobold zombie!
Trog accepts your kill.
The fiery explosion engulfs the mummy.
The mummy is burned terribly!
You destroy the mummy!
Trog accepts your kill. The fiery explosion engulfs you! You resist.
You die...

.. ##..## .....
..##....##.....
...............
.............
............
#...§§§§.#
#..§§§§# #.§§@#
#.§..# #....#
#....# #....#
#....# #....#
#....# #.∩∩.#


There were no monsters in sight!

Vanquished Creatures
  A crimson imp (D:3)
  An orc priest (D:3)
  2 mummies (Ossuary)
  2 adders
  2 oozes (D:3)
  A worm (D:2)
  2 dart slugs
  5 orcs (D:3)
  2 ball pythons (D:3)
  3 giant cockroaches
  5 hobgoblins
  5 jackals
  4 bats
  2 frilled lizards
  3 goblins
  2 hobgoblin zombies (Ossuary)
  4 kobolds
  3 kobold zombies (Ossuary)
  2 orc zombies (Ossuary)
  8 rats
59 creatures vanquished.

Notes
Turn   | Place    | Note
-------+----------+-------------------------------------------
     0 | D:1      | Philogelos the Minotaur Berserker began the quest for the Orb.
     0 | D:1      | Reached XP level 1. HP: 19/19 MP: 0/0
   219 | D:1      | Reached skill level 4 in Maces & Flails
   230 | D:1      | Reached XP level 2. HP: 15/26 MP: 1/1
   817 | D:2      | Reached skill level 5 in Maces & Flails
   832 | D:2      | Found an opulent altar of Gozag.
   870 | D:2      | Reached XP level 3. HP: 31/31 MP: 2/2
   874 | D:2      | Reached ** piety under Trog
  1291 | D:3      | Reached skill level 6 in Maces & Flails
  1291 | D:3      | Reached XP level 4. HP: 38/39 MP: 3/3
  1381 | D:3      | Found a glowing silver altar of Zin.
  1658 | D:3      | Reached skill level 7 in Maces & Flails
  1658 | D:3      | Reached XP level 5. HP: 30/45 MP: 4/4
  1761 | D:4      | Found a sand-covered staircase.
  1763 | Ossuary  | Entered an ossuary
  1788 | Ossuary  | Killed from afar by a mummy

Skill      XL: |  1  2  3  4 |
---------------+-------------+-----
Maces & Flails | 4 5 6 7 |  7.3
Fighting       | |  3.6
Armour         | |  2.4
Dodging        | |  2.1

Action                   |  1- 3 |  4- 6 || total
-------------------------+-------+-------++-------
Melee: Mace              |    75 |    27 ||   102
       Headbutt          |     5 |     7 ||    12
       Flail             |       |    16 ||    16
  Use: Scroll            |       |     6 ||     6
 Stab: Sleeping          |     1 |       ||     1
  Eat: Chunk             |     1 |     1 ||     2
Armor: Animal skin       |     6 |       ||     6
       Leather armour    |    11 |       ||    11
       Scale mail        |       |    16 ||    16
Dodge: Dodged            |    45 |    23 ||    68
